 Dungeon Crawl Stone Soup version 0.18.1-48-g4cf74bf (webtiles) character file.

285 tyranidshit the Grave Robber (level 6, 0/56 HPs)
             Began as a Deep Dwarf Necromancer on July 12, 2016.
             Slain by a hound (4 damage)
             ... on level 5 of the Dungeon.
             The game lasted 00:17:33 (2642 turns).

tyranidshit the Grave Robber (DDNe)                 Turns: 2642, Time: 00:17:33

Health: 0/56       AC:  5    Str: 11 (12) XL:     6   Next: 7%
Magic:  12/12      EV: 12    Int: 16 (17) God:
Gold:   155        SH:  0    Dex: 13      Spells: 2 memorised, 9 levels left

rFire  . . .     SeeInvis .     e - +2 quarterstaff (chaos)
rCold  . . .     Gourm    .     a - +0 robe
rNeg   . . .     Faith    .     (shield currently unavailable)
rPois  .         Spirit   .     o - +1 helmet
rElec  .         Dismiss  .     r - +0 cloak
rCorr  .         Reflect  .     (no gloves)
SustAt .         Harm     .     (no boots)
MR     .....                    (no amulet)
Stlth  ++........               (no ring)
                                (no ring)

@: non-regenerating, not resistant to hostile enchantments, unstealthy
A: damage resistance, recharge devices, sense surroundings 1, slow regeneration
3
a: Device Recharging


You were on level 5 of the Dungeon.
You were not hungry.

You visited 1 branch of the dungeon, and saw 5 of its levels.

You collected 155 gold pieces.

Inventory:

Hand Weapons
 e - a +2 quarterstaff of chaos (weapon)
 m - a +0 blowgun
 s - a +2 antimagic war axe
 w - a +2 whip of draining
Missiles
 q - 9 poisoned needles
Armour
 a - a +0 robe (worn)
 i - a +0 cloak
 o - a +1 helmet (worn)
 r - a +0 cloak (worn)
Jewellery
 d - an uncursed ring of fire
Wands
 c - a wand of heal wounds (1/9)
 p - a wand of random effects (38/48)
Scrolls
 f - a scroll of recharging
 g - 3 scrolls of identify
 v - a scroll of enchant weapon
Potions
 h - a potion of brilliance
 l - a potion of curing
 t - a potion of cure mutation
Books
 b - a book of Necromancy

   Spells                             Type                      Level
   a - Pain                           Necromancy                   1
   b - Animate Skeleton               Necromancy                   1
   c - Vampiric Draining              Necromancy                   3
   d - Regeneration                   Charms/Necromancy            3
   e - Animate Dead                   Necromancy                   4
   f - Control Undead                 Necromancy                   4
 u - a book of Conjurations

   Spells                             Type                      Level
   a - Magic Dart                     Conjuration                  1
   b - Searing Ray                    Conjuration                  2
   c - Dazzling Spray                 Conjuration/Hexes            3
   d - Fulminant Prism                Conjuration/Hexes            4
   e - Iskenderun's Mystic Blast      Conjuration                  4
   f - Iskenderun's Battlesphere      Conjuration/Charms           5
Comestibles
 j - 3 bread rations
 k - 2 beef jerkies
 n - a meat ration


   Skills:
 + Level 3.6 Fighting
 - Level 2.1 Dodging
 - Level 2.4 Stealth
 + Level 4.0 Spellcasting
 - Level 4.3 Necromancy


You had 9 spell levels left.
You knew the following spells:

 Your Spells              Type           Power        Failure   Level  Hunger
a - Pain                  Necr           ###.         3%          1    None
b - Vampiric Draining     Necr           ###.......   12%         3    ###....


Dungeon Overview and Level Annotations

Branches:
Dungeon (5/15)
 Temple: D:4-7

Altars:
Ashenzari
Cheibriados
Nemelex Xobeh
Okawaru
Pakellas
Qazlal
Sif Muna
Trog

Shops:
D:5 }

Annotations:
D:4 Aquadorian's ghost, novice OgBe; Natasha; Purgy
D:5 tyranidshit's ghost, novice DDNe


Innate Abilities, Weirdness & Mutations

You are resistant to damage.
You can recharge devices by infusing magical energy.
You passively map a small area around you.
You do not regenerate naturally.


Message History

The hound closely misses you. The orc hits you but does no damage.
The giant gecko bites you but does no damage.
The hound bites you but does no damage.
The giant gecko bites you but does no damage.
The orc barely misses you.
You sock the orc!
You kill the orc!
The hound closely misses you.
The orc wizard mumbles some strange words.
The orc wizard blinks!
The giant gecko barely misses you. The hound closely misses you.
You sock the hound!
The hound is moving more slowly.
The hound is severely wounded.
The hound bites you. The giant gecko barely misses you.
The orc hits you with a hand axe.
The orc priest mumbles some strange prayers to Beogh against you.
Beogh smites you!
* * * LOW HITPOINT WARNING * * *
The hound bites you.
You die...

#######.#
****,,
##.......#*
,
#....?##.#
* , *
#...!....##
*
#...#.#...#
#..#...#.##
* *
##.o.∩...#
#o#.Wo#.# ,
#@l#.#..#*
#.ho....# ,
#######.# ,
.# , .# ,*
* # * * ,


You could see a hound (petrifying), an orc priest, an orc wizard, tyranidshit's
ghost, 2 orcs and a giant gecko.

Vanquished Creatures
  An orc priest (D:4)
  Crazy Yiuf (D:3)
  Jessica (D:3)
  Natasha (D:4)
  Robin (D:2)
  7 adders
  A worm (D:2)
  4 dart slugs
  A giant gecko (D:1)
  6 orcs
  5 giant cockroaches
  17 goblins
  12 hobgoblins
  5 jackals
  A quokka (D:3)
  3 bats (D:1)
  A giant gecko skeleton (D:4)
  A giant newt (D:3)
  8 kobolds
  7 rats
84 creatures vanquished.

Notes
Turn   | Place    | Note
--------------------------------------------------------------
     0 | D:1      | tyranidshit the Deep Dwarf Necromancer began the quest for the Orb.
     0 | D:1      | Reached XP level 1. HP: 15/15 MP: 3/3
   154 | D:1      | Reached XP level 2. HP: 21/24 MP: 0/5
   168 | D:1      | Reached skill level 1 in Fighting
   631 | D:1      | Found a sparkling altar of Nemelex Xobeh.
   695 | D:1      | Reached XP level 3. HP: 17/31 MP: 1/6
   730 | D:2      | Found a deep blue altar of Sif Muna.
   779 | D:2      | Noticed Robin
   801 | D:1      | Learned a level 3 spell: Vampiric Draining
   821 | D:2      | Killed Robin
  1011 | D:2      | Reached XP level 4. HP: 24/39 MP: 0/8
  1020 | D:2      | Noticed Natasha
  1230 | D:2      | Found a snail-covered altar of Cheibriados.
  1712 | D:3      | Noticed Crazy Yiuf
  1729 | D:3      | Killed Crazy Yiuf
  1729 | D:3      | Reached XP level 5. HP: 34/48 MP: 0/9
  1803 | D:3      | Noticed Jessica
  1811 | D:3      | Killed Jessica
  1825 | D:3      | Found a shattered altar of Ashenzari.
  1919 | D:3      | Noticed an eye of draining
  1920 | D:3      | Found a bloodstained altar of Trog.
  2083 | D:3      | Found a stormy altar of Qazlal.
  2132 | D:4      | Killed Natasha
  2295 | D:4      | Reached XP level 6. HP: 56/56 MP: 2/12
  2499 | D:4      | Found an iron altar of Okawaru.
  2548 | D:4      | Found an oddly glowing altar of Pakellas.
  2552 | D:4      | Noticed Purgy
  2582 | D:4      | Noticed Natasha
  2593 | D:4      | Noticed Aquadorian's ghost (novice OgBe)
  2602 | D:5      | Entered Level 5 of the Dungeon
  2602 | D:5      | Noticed tyranidshit's ghost (novice DDNe)
  2621 | D:5      | Found Kergh's Quality Used Wands.
  2642 | D:5      | Slain by a hound

Skill      XL: |  1  2  3  4  5 |
---------------+----------------+-----
Spellcasting   | 2 3 4 |  4.0
Fighting       | 1 2 3 |  3.6
Dodging        | |  2.1
Stealth        | |  2.4
Necromancy     | |  4.3

Action                   |  1- 3 |  4- 6 || total
-------------------------+-------+-------++-------
Melee: Dagger            |   112 |    58 ||   170
       Unarmed           |     4 |       ||     4
       Quarterstaff      |       |    60 ||    60
 Fire: Blowgun           |       |     9 ||     9
 Cast: Pain              |    49 |    16 ||    65
       Vampiric Draining |     2 |    22 ||    24
Evoke: Wand              |     3 |     4 ||     7
  Use: Scroll            |     6 |     4 ||    10
       Potion            |       |     5 ||     5
 Stab: Sleeping          |       |     1 ||     1
  Eat: Bread ration      |     1 |     1 ||     2
Armor: Robe              |    47 |    41 ||    88
Dodge: Dodged            |   185 |   122 ||   307
